 Dungeon Crawl Stone Soup version 0.23-b1-49-g13d5857 (webtiles) character file.

Game seed: 2153552747054574375

885 bosm the Bolt Thrower (level 8, -3/44 HPs)
             Began as a Kobold Hunter on Feb 3, 2019.
             Was a Believer of Okawaru.
             Slain by an iguana (11 damage)
             ... on level 4 of the Dungeon.
             The game lasted 00:08:10 (3083 turns).

bosm the Bolt Thrower (Kobold Hunter)               Turns: 3083, Time: 00:08:10

Health: -3/44      AC:  7    Str: 10    XL:     8   Next: 26%
Magic:  10/10      EV: 13    Int: 13    God:    Okawaru [**....]
Gold:   132        SH:  0    Dex: 18    Spells: 7/7 levels left

rFire    . . .     SeeInvis .   a - +2 short sword (venom)
rCold    . . .     Gourm    .   (shield restricted)
rNeg     . . .     Faith    .   e - +1 scale mail
rPois    .         Spirit   .   (no helmet)
rElec    .         Reflect  .   (no cloak)
rCorr    .         Harm     .   (no gloves)
MR       .....                  (no boots)
Stlth    +.........             (no amulet)
HPRegen  0.14/turn              i - +2 ring of dexterity
MPRegen  0.12/turn              (no ring)

@: no status effects
A: small, carnivore
a: Heroism, Renounce Religion


You were on level 4 of the Dungeon.
You worshipped Okawaru.
Okawaru was pleased with you.
You were full.

You visited 1 branch of the dungeon, and saw 4 of its levels.

You collected 132 gold pieces.

Inventory:

Hand Weapons
 a - a +2 short sword of venom (weapon)
 w - a +1 hand crossbow
Missiles
 d - 79 bolts
Armour
 c - a +0 leather armour
 e - a +1 scale mail (worn)
Jewellery
 i - a +2 ring of dexterity (left hand)
Scrolls
 b - 2 scrolls of remove curse
 g - 5 scrolls of identify
 j - 3 scrolls of amnesia
 k - a scroll of immolation
 m - a scroll of teleportation
Potions
 h - a potion of curing
Comestibles
 f - 6 rations


   Skills:
 - Level 2.1 Fighting
 * Level 6.7 Short Blades
 * Level 7.9 Crossbows
 + Level 4.9 Dodging
 - Level 1.3 Stealth
 + Level 3.1 Invocations


You had 7 spell levels left.
You didn't know any spells.
Your spell library contained the following spells:

 Spells                   Type           Power        Failure   Level  Hunger
 Magic Dart               Conj           #...         92%         1    ##.....
 Blink                    Tloc           N/A          98%         2    ###....
 Call Imp                 Summ           #.......     98%         2    ###....
 Slow                     Hex            #.......     98%         2    ###....
 Conjure Flame            Conj/Fire      #.......     100%        3    ####...
 Mephitic Cloud           Conj/Pois/Air  #.......     100%        3    ####...


Dungeon Overview and Level Annotations

Branches:
Dungeon (4/15)
 Temple: D:4-7

Altars:
Elyvilon
Kikubaaqudgha
Okawaru
Ru
Trog


Innate Abilities, Weirdness & Mutations

You are small and have problems with some larger weapons.
You are carnivorous and can eat meat at any time.


Message History

You hit Duvessa but do no damage.
Duvessa is almost dead.
Duvessa hits you with a +0 rapier!
* * * LOW HITPOINT WARNING * * *
You feel better.
Duvessa is no longer berserk.
You kill Duvessa!
Okawaru accepts your kill.
Your Invocations skill increases to level 3!
You hit the iguana but do no damage.
The iguana is poisoned.
The iguana bites you.
* * * LOW HITPOINT WARNING * * *
You hit the iguana but do no damage. The iguana closely misses you.
You closely miss the iguana. You hit the iguana.
The iguana looks even sicker.
The iguana is heavily wounded.
The iguana closely misses you.
You hit the iguana.
The iguana looks as sick as possible!
The iguana is severely wounded.
The iguana bites you!
You die...

#.
#.###.#.####.# #
# ..# ##.......#
# .##
##....##### # #
#...#...# #
#.#....#.# #
#..#.#### # #
##..#.# # ...#.#
# ##.##@# #
#.##l# #
#..#(####.# #
#..(....?.. #
.........####...
# ####..(###
#.##. # .. ...


You could see an iguana.

Vanquished Creatures
  Grinder (D:3)
  Duvessa (D:4)
  Dowan (D:4)
  2 scorpions (D:4)
  An orc priest (D:3)
  5 orc wizards
  Natasha (thrice) (D:3)
  2 worker ants (D:4)
  5 adders
  4 gnolls (D:2)
  A worm (D:2)
  2 leopard geckos
  2 orcs (D:3)
  A ball python (D:3)
  5 giant cockroaches
  6 goblins
  2 hobgoblins
  A jackal (D:3)
  7 kobolds
  3 quokkas
  7 bats
  4 frilled lizards
  A jackal skeleton (D:3)
  A quokka skeleton (D:4)
  7 rats
75 creatures vanquished.

Notes
Turn   | Place    | Note
-------+----------+-------------------------------------------
     0 | D:1      | bosm the Kobold Hunter began the quest for the Orb.
     0 | D:1      | Reached XP level 1. HP: 12/12 MP: 1/1
   273 | D:1      | Reached skill level 1 in Short Blades
   273 | D:1      | Reached skill level 5 in Crossbows
   317 | D:1      | Reached XP level 2. HP: 16/17 MP: 2/2
   618 | D:2      | Reached XP level 3. HP: 21/21 MP: 3/3
   629 | D:2      | Reached XP level 4. HP: 24/26 MP: 4/4
  1030 | D:2      | Found an iron altar of Okawaru.
  1044 | D:2      | Became a worshipper of Warmaster Okawaru
  1269 | D:3      | Noticed Natasha
  1272 | D:3      | Reached XP level 5. HP: 25/30 MP: 5/5
  1281 | D:3      | Killed Natasha
  1281 | D:3      | Reached skill level 6 in Crossbows
  1363 | D:3      | Noticed Grinder
  1375 | D:3      | Paralysed by Grinder for 5 turns
  1393 | D:3      | Killed Grinder
  1393 | D:3      | Reached * piety under Okawaru
  1393 | D:3      | Reached skill level 1 in Invocations
  1393 | D:3      | Reached XP level 6. HP: 22/35 MP: 5/7
  1480 | D:3      | Found a bloodstained altar of Trog.
  1533 | D:3      | Found a sacrificial altar of Ru.
  1551 | D:3      | Reached skill level 5 in Short Blades
  1551 | D:3      | Reached XP level 7. HP: 39/40 MP: 8/8
  1690 | D:3      | Noticed Natasha
  1699 | D:3      | Killed Natasha
  1755 | D:3      | Found an ancient bone altar of Kikubaaqudgha.
  1772 | D:3      | Noticed Natasha
  1783 | D:3      | Killed Natasha
  1783 | D:3      | Reached skill level 7 in Crossbows
  2948 | D:4      | Reached XP level 8. HP: 42/44 MP: 8/10
  2954 | D:4      | Found a white marble altar of Elyvilon.
  3039 | D:4      | Noticed Dowan
  3050 | D:4      | Killed Dowan
  3051 | D:4      | Noticed Duvessa
  3077 | D:4      | HP: 2/44 [Duvessa/+0 rapier (12)]
  3078 | D:4      | Killed Duvessa
  3078 | D:4      | Reached ** piety under Okawaru
  3083 | D:4      | Slain by an iguana

Skill      XL: |  1  2  3  4  5  6  7  8 |
---------------+-------------------------+-----
Short Blades   | 1 2 3 4 5 6 |  6.7
Crossbows      | 5 6 7 |  7.9
Dodging        | 3 4 |  4.9
Invocations    | 1 2 3 |  3.1
Fighting       | |  2.1
Stealth        | |  1.3

Action                   |  1- 3 |  4- 6 |  7- 9 || total
-------------------------+-------+-------+-------++-------
Melee: Short sword       |    18 |    99 |    98 ||   215
       Punch             |       |       |     1 ||     1
 Fire: Hand crossbow     |    12 |    20 |    34 ||    66
Invok: Heroism           |       |       |     1 ||     1
  Use: Potion            |       |     2 |     7 ||     9
       Scroll            |       |     1 |     6 ||     7
 Stab: Sleeping          |     1 |       |       ||     1
       Paralysed         |       |     1 |       ||     1
  Eat: Chunk             |       |     3 |     9 ||    12
Armor: Leather armour    |     2 |     5 |       ||     7
       Scale mail        |       |    40 |    32 ||    72
Dodge: Dodged            |    13 |    61 |    62 ||   136
